AoeStats
← KaRaKaPLaN

Glade

510582834Analyzed
1v1 RM · 24h ago on Oct 1, 2026· 32m 30s· 2 players
Game mode
Random Map
Map size
Tiny (2 player)
Population
200
Speed
Normal
Resources
Standard
Victory
Conquest
Starting age
Dark Age
Ending age
Imperial Age
RankedLock teamsTeams togetherTeam positionsShared explorationLock speedFull tech treeHidden civsTurbo modeCheats
Victory
Defeat
🇦🇺 Persians · Australia
1324
+16
🇹🇷 Armenians · Türkiye
1334
-16
bandagedhand
6:37 Loom
18:48 Feudal Age
21:10 Town Watch
31:05 Double-Bit Axe
KaRaKaPLaN
6:50 Loom
10:13 Feudal Age
11:37 Man-at-Arms
16:50 Double-Bit Axe
24:17 Fletching
Connection lost

Rejoining the realm…

Still unreachable

The connection could not be restored.

Session expired

The server has moved on; the page needs a fresh start.